 Dungeon Crawl Stone Soup version 0.23-a0-402-g64599a1 (webtiles) character file.

14994 ozpin88 the Fighter (level 11, -15/105 HPs)
             Began as a Minotaur Berserker on Nov 5, 2018.
             Was a High Priest of Trog.
             Killed from afar by a tengu reaver (45 damage)
             ... with a bolt of lightning
             ... on level 11 of the Dungeon.
             The game lasted 00:52:52 (12715 turns).

ozpin88 the Fighter (Minotaur Berserker)           Turns: 12715, Time: 00:52:53

Health: -15/105    AC: 17    Str: 26    XL:     11   Next: 96%
Magic:  10/10      EV:  7    Int:  4    God:    Trog [*****.]
Gold:   511        SH: 15    Dex:  9    Spells: 10/10 levels left

rFire    . . .     SeeInvis .   L - +1 eveningstar (holy)
rCold    . . .     Gourm    .   N - +0 large shield
rNeg     . . .     Faith    .   w - +0 chain mail
rPois    +         Spirit   .   (helmet restricted)
rElec    .         Reflect  .   H - +1 cloak {rPois}
rCorr    .         Harm     +   (no gloves)
MR       .....                  (no boots)
Stlth    ..........             y - amulet of harm
HPRegen  0.27/turn              i - +3 ring of protection
MPRegen  0.12/turn              (no ring)

@: berserk cooldown, slowed, very slow
A: retaliatory headbutt, horns 2
a: Berserk, Trog's Hand, Brothers in Arms, Renounce Religion


You were on level 11 of the Dungeon.
You worshipped Trog.
Trog was extremely pleased with you.
You were very hungry.

You visited 2 branches of the dungeon, and saw 12 of its levels.

You collected 511 gold pieces.

Inventory:

Hand Weapons
 r - a +4 scimitar of flaming
 A - a +0 flail
 G - a +0 battleaxe
 L - a +1 eveningstar of holy wrath (weapon)
 S - a +2 mace of protection
Missiles
 p - 4 tomahawks (quivered)
Armour
 w - a +0 chain mail (worn)
 H - a +1 cloak of poison resistance (worn)
 K - a +0 plate armour
 N - a +0 large shield (worn)
 P - a +2 troll leather armour {Snorg}
Jewellery
 f - an uncursed amulet of the gourmand
 i - a +3 ring of protection (left hand)
 y - an amulet of harm (around neck)
 D - an uncursed ring of teleportation
Wands
 b - a wand of polymorph (21)
 M - a wand of iceblast (8)
Scrolls
 a - 3 scrolls of magic mapping
 g - 9 scrolls of remove curse
 h - 3 scrolls of fear
 k - 5 scrolls of amnesia
 l - a scroll of immolation {unknown}
 n - 9 scrolls of teleportation
 o - a scroll of enchant armour
 q - 2 scrolls of fog {unknown}
 s - 5 scrolls of enchant weapon {unknown}
 C - 2 scrolls of random uselessness {unknown}
 F - 4 scrolls of blinking {unknown}
 I - 2 scrolls of identify
 J - 2 scrolls of holy word {unknown}
 R - a scroll of vulnerability {unknown}
Potions
 d - 2 potions of curing
 e - 4 potions of brilliance
 j - 3 potions of ambrosia {unknown}
 m - 3 potions of resistance
 t - a potion of agility {unknown}
 u - 2 potions of cancellation
 v - 4 potions of might
 x - 3 potions of degeneration
 z - 2 potions of flight {unknown}
 B - 2 potions of haste
 E - a potion of invisibility {unknown}
 O - a potion of lignification {unknown}
 Q - a potion of heal wounds
Comestibles
 c - 16 rations


   Skills:
 * Level 12.4 Fighting
 + Level 11.2(12.7) Axes
 + Level 10.3(12.3) Maces & Flails
 + Level 0.6 Throwing
 + Level 10.9 Armour
 + Level 5.5 Dodging
 - Level 1.7 Stealth
 + Level 4.3 Shields


You had 10 spell levels left.
You didn't know any spells.
Your spell library was empty.

Dungeon Overview and Level Annotations

Branches:
Dungeon (11/15)            Temple (1/1) D:6            Lair (0/6) D:8
    Orc (0/2) D:9

Altars:
Ashenzari
Cheibriados
Dithmenos
Elyvilon
Fedhas
Gozag
Hepliaklqana
Kikubaaqudgha
Makhleb
Nemelex Xobeh
Okawaru
Qazlal
Ru
Sif Muna
Trog
Uskayaw
Vehumet
Wu Jian
Xom
Yredelemnul
Zin
The Shining One

Shops:
D:6 [   D:9 *


Innate Abilities, Weirdness & Mutations

You reflexively headbutt those who attack you in melee.
You have a pair of horns on your head.


Message History

You feel strangely unstable. The orc hits you.
* * * LOW HITPOINT WARNING * * *
Your surroundings suddenly seem different.
An orc wizard comes into view. It is wielding a +0 falchion.
The orc wizard shouts!
You hear a shout!
An orc comes into view.
It is wielding a +0 dagger of electrocution.
You hear a shout!
The orc shouts! 2 orcs come into view.
The orc shouts! x2
As you read the scroll of teleportation, it crumbles to dust.
You feel strangely unstable. You block the orc's attack.
You block the orc's attack.
Your surroundings suddenly seem different.
You block the orc's attack. You block the orc's attack.
The tengu reaver points at you and mumbles some strange words.
The bolt of lightning hits the orc.
The orc dies!
The bolt of lightning hits you!
You die...

# # #.# ##.........#
#. #. #.# ##.......##
#. #.# #.# ##.....##
#. ..#
#.#.#####...######.
#.##.#................
#.
#.#.########...#####.
#. #...##..........#
#) #.#
##...##.#####....# #.
#..###...o@..# ##.#.#
#. #.#...##..##.#
#.#.# #.
#.#..Q.)..##.# #.#.#
#. ##.#)#####....#
#.#.####. #..).#
####.. ..#......
#.o...# ### ##.
o......#.# #.
##o###.#.# #. .. #.#.#
#.


You could see a tengu reaver and an orc.

Vanquished Creatures
  A frost giant (D:11)
  Snorg (D:11)
  A hydra (D:11)
  Erica (D:10)
  2 unseen horrors (D:11)
  Pikel (D:7)
  The ghost of LizzardofHazz the Cutter, a novice VSFi of Okawaru (D:6)
  A kobold demonologist (D:11)
  2 trolls
  Prince Ribbit (D:5)
  Grinder (D:5)
  3 hippogriffs
  7 yaks
  Eustachio (D:4)
  2 humans (D:8)
  Menkaure (D:5)
  A warg (D:10)
  Duvessa (D:4)
  2 sky beasts
  4 orc warriors
  5 porcupines (D:8)
  A slave (D:7)
  3 ice beasts
  8 ogres
  A black bear (D:10)
  4 phantoms
  2 necrophages
  7 centaurs
  A crocodile (D:8)
  6 bullfrogs
  Dowan (D:4)
  3 wyvern skeletons
  3 killer bees (D:10)
  A scorpion (D:8)
  2 electric eels (D:7)
  4 howler monkeys
  A spectral centaur (D:6)
  5 crimson imps
  A bullfrog zombie (D:10)
  2 centaur zombies
  A wyvern simulacrum (D:6)
  11 orc wizards
  Crazy Yiuf (D:7)
  3 hounds
  2 centaur skeletons (D:10)
  2 bullfrog skeletons (D:5)
  3 jellies
  11 orc priests
  10 worker ants
  4 iguanas
  A killer bee zombie (D:6)
  A hound zombie (D:6)
  2 hound skeletons
  A worker ant zombie (D:7)
  7 gnolls
  11 adders
  An ooze (D:2)
  An adder skeleton (D:6)
  An adder zombie (D:6)
  3 worms
  3 dart slugs
  4 leopard geckos
  37 orcs
  6 bat skeletons (D:2)
  7 giant cockroaches
  12 goblins
  6 hobgoblins
  17 jackals
  5 quokkas
  4 ball pythons
  9 bats
  A frilled lizard (D:1)
  A jackal skeleton (D:6)
  16 kobolds
  A leopard gecko zombie (D:9)
  A quokka skeleton (D:6)
  7 rats
310 creatures vanquished.

Vanquished Creatures (others)
  A wizard (D:10)
  An orc (D:11)
  7 fungi (D:8)
  A plant (D:8)
10 creatures vanquished.

Grand Total: 320 creatures vanquished

Notes
Turn   | Place    | Note
-------+----------+-------------------------------------------
     0 | D:1      | ozpin88 the Minotaur Berserker began the quest for the Orb.
     0 | D:1      | Reached XP level 1. HP: 19/19 MP: 0/0
   226 | D:1      | Reached XP level 2. HP: 21/27 MP: 1/1
   341 | D:1      | Reached skill level 4 in Fighting
  1041 | D:2      | Reached XP level 3. HP: 27/33 MP: 2/2
  1237 | D:2      | Reached ** piety under Trog
  1766 | D:2      | Reached XP level 4. HP: 41/41 MP: 3/3
  1930 | D:2      | Found an ancient bone altar of Kikubaaqudgha.
  2095 | D:3      | Found a blossoming altar of Fedhas.
  2339 | D:3      | Reached skill level 5 in Axes
  2473 | D:3      | Found a glowing golden altar of the Shining One.
  2473 | D:3      | Found a glowing silver altar of Zin.
  2473 | D:3      | Found a white marble altar of Elyvilon.
  2511 | D:3      | Found a hazy altar of Hepliaklqana.
  2720 | D:3      | Found a bloodstained altar of Trog.
  2898 | D:4      | Reached *** piety under Trog
  2901 | D:4      | Reached XP level 5. HP: 47/47 MP: 4/4
  2954 | D:4      | Noticed an ogre
  2967 | D:4      | HP: 1/47 [ogre/+0 giant spiked club (13)]
  2968 | D:4      | Killed an ogre
  3320 | D:4      | Noticed an ogre
  3324 | D:4      | Killed an ogre
  3324 | D:4      | Reached skill level 5 in Fighting
  3324 | D:4      | Reached skill level 1 in Stealth
  3324 | D:4      | Reached XP level 6. HP: 56/56 MP: 5/5
  3415 | D:4      | Noticed Eustachio
  3423 | D:4      | Killed Eustachio
  3444 | D:4      | Reached XP level 7. HP: 61/61 MP: 6/6
  3500 | D:4      | Noticed Dowan
  3500 | D:4      | Noticed Duvessa
  3507 | D:4      | Killed Duvessa
  3517 | D:4      | Killed Dowan
  4019 | D:5      | Entered Level 5 of the Dungeon
  4065 | D:5      | Noticed Grinder
  4070 | D:5      | Paralysed by Grinder for 4 turns
  4079 | D:5      | Killed Grinder
  4079 | D:5      | Reached skill level 6 in Fighting
  4079 | D:5      | Reached skill level 1 in Maces & Flails
  4250 | D:5      | Reached skill level 5 in Armour
  4250 | D:5      | Reached XP level 8. HP: 69/71 MP: 7/7
  4408 | D:5      | Noticed Menkaure
  4414 | D:5      | Killed Menkaure
  4759 | D:5      | Noticed Prince Ribbit
  4897 | D:5      | Killed Prince Ribbit
  4897 | D:5      | Reached skill level 7 in Fighting
  5064 | D:5      | HP: 1/73 [orc wizard/+0 dagger of electrocution (17)]
  5065 | D:5      | Reached **** piety under Trog
  5399 | D:6      | Found an ornate altar of the Wu Jian Council.
  5438 | D:6      | Found a staircase to the Ecumenical Temple.
  5485 | Temple   | Entered the Ecumenical Temple
  5745 | D:6      | Reached skill level 5 in Maces & Flails
  5878 | D:6      | Found Gideyram's Antique Armour Shop.
  5900 | D:6      | Found a runed gate.
  6168 | D:6      | Found a runed gate.
  6169 | D:6      | Found a runed gate.
  6169 | D:6      | Noticed LizzardofHazz's ghost (novice VSFi)
  6190 | D:6      | Reached XP level 9. HP: 79/79 MP: 8/8
  6540 | D:6      | Killed LizzardofHazz's ghost
  6540 | D:6      | Reached skill level 8 in Fighting
  7223 | D:7      | Noticed Pikel
  7239 | D:7      | Killed Pikel
  7489 | D:7      | Found a runed door.
  7590 | D:7      | Found a bloodstained altar of Trog.
  7842 | D:7      | Found a hide-covered altar of Uskayaw.
  7996 | D:7      | Noticed Crazy Yiuf
  8001 | D:7      | Killed Crazy Yiuf
  8001 | D:7      | Reached skill level 5 in Dodging
  8097 | D:8      | Noticed a troll
  8100 | D:8      | Reached skill level 9 in Fighting
  8107 | D:8      | Killed a troll
  8235 | D:8      | Reached XP level 10. HP: 90/90 MP: 9/9
  8409 | D:8      | Found a staircase to the Lair.
  8596 | D:8      | Reached ***** piety under Trog
  8990 | D:8      | Reached skill level 10 in Fighting
  9034 | D:8      | Found an opulent altar of Gozag.
  9281 | D:8      | Found a snail-covered altar of Cheibriados.
  9351 | D:8      | Found an iron altar of Okawaru.
  9506 | D:9      | Reached skill level 10 in Axes
  9509 | D:9      | Received a gift from Trog
  9524 | D:10     | Entered Level 10 of the Dungeon
  9715 | D:9      | HP: 3/93 [orc warrior/+1 war axe of venom (13)]
  9725 | D:10     | HP: 2/94 [poisoned by an orc warrior]
 10107 | D:9      | Found a burning altar of Makhleb.
 10193 | D:9      | Reached skill level 11 in Fighting
 10200 | D:9      | Received a gift from Trog
 10224 | D:9      | Found a staircase to the Orcish Mines.
 10410 | D:9      | Found Ryff's Assorted Antiques.
 10670 | D:10     | Reached XP level 11. HP: 102/102 MP: 10/10
 10687 | D:10     | Found a bloodstained altar of Trog.
 10691 | D:10     | Noticed a wizard
 10695 | D:10     | Killed a wizard
 11044 | D:10     | Found an opulent altar of Gozag.
 11350 | D:10     | Reached skill level 10 in Armour
 11350 | D:10     | Reached skill level 1 in Shields
 11482 | D:10     | Noticed Erica
 11494 | D:10     | Killed Erica
 11998 | D:11     | Noticed Snorg
 12005 | D:11     | Killed Snorg
 12331 | D:11     | Killed an unseen horror
 12412 | D:11     | Killed an unseen horror
 12412 | D:11     | Reached skill level 12 in Fighting
 12544 | D:11     | Noticed a six-headed hydra
 12547 | D:11     | Killed a six-headed hydra
 12547 | D:11     | Reached skill level 10 in Maces & Flails
 12687 | D:11     | Noticed a frost giant
 12698 | D:11     | Killed a frost giant
 12705 | D:11     | Noticed a tengu reaver
 12715 | D:11     | Killed from afar by a tengu reaver

Vault maps used:
D:1:      dpeg_arrival_windows_large_door, minmay_hexomino_c4
D:2:      kennysheep_vampire_church, item_on_display_a
D:3:      good_gods_mini_temple, overflow_temple_1_default,
          nicolae_overflow_crystal_walls, trog_hazing_becter
D:4:      first_ration, uniq_eustachio, uniq_duvessa
D:5:      uniq_prince_ribbit1, uniq_menkaure, uniq_grinder
D:6:      kennysheep_mini_moat, minmay_temple_entry_purple_smoke, serial_shops,
          shop, gammafunk_ghost_necromancy, minivault_1, chequers_garden
D:7:      nicolae_overflow_hidden_temple, lemuel_doored_altar,
          hangedman_decor_diamond_cutter, minivault_14, uniq_crazy_yiuf_cottage,
          uniq_pikel
D:8:      nicolae_gozag_seed_capital, okawaru_humans, old_standard_altar,
          due_lair_maze_entry_diamond, grunt_ogre_cave,
          kennysheep_generic_room_12
D:9:      old_standard_altar, erik_orc_4, serial_shops,
          nicolae_shop_window_shopping
D:10:     basic_altar, grunt_ministairs_6, minivault_11, trog_wizard, uniq_erica
D:11:     jmf_multi_god_temple, uniq_snorg
Temple:   compressed_dpeg_triangle_lava_temple

Skill      XL: |  1  2  3  4  5  6  7  8  9 10 11 |
---------------+----------------------------------+-----
Fighting       | 4 5 6 7 9 11 12 | 12.4
Axes           | 4 5 6 7 8 11 | 11.2
Dodging        | 3 4 5 |  5.5
Armour         | 3 5 6 8 9 10 | 10.9
Stealth        | 1 |  1.7
Maces & Flails | 1 5 7 10 | 10.3
Shields        | 4 |  4.3
Throwing       | |  0.6

Action                   |  1- 3 |  4- 6 |  7- 9 | 10-12 || total
-------------------------+-------+-------+-------+-------++-------
Melee: Hand axe          |    79 |   105 |    34 |       ||   218
       Headbutt          |    13 |    14 |    45 |    35 ||   107
       Flail             |       |       |   190 |       ||   190
       Battleaxe         |       |       |    46 |   136 ||   182
       Eveningstar       |       |       |       |   142 ||   142
Throw: Tomahawk          |       |       |     5 |       ||     5
Invok: Berserk           |       |     6 |     7 |     8 ||    21
       Trog's Hand       |       |       |     3 |     3 ||     6
Evoke: Wand              |       |       |     7 |       ||     7
  Use: Scroll            |       |       |     6 |     9 ||    15
       Potion            |       |       |       |     6 ||     6
 Stab: Sleeping          |     1 |     1 |       |       ||     2
  Eat: Chunk             |     7 |    19 |    23 |     6 ||    55
       Ration            |       |       |       |     2 ||     2
Armor: Robe              |    16 |     7 |       |       ||    23
       Animal skin       |     5 |       |       |       ||     5
       Chain mail        |       |    46 |   160 |   159 ||   365
Dodge: Dodged            |    48 |    61 |   162 |   104 ||   375
Block: Large shield      |       |       |       |    78 ||    78

Table legend:
 A = Non-vault XP
 B = Vault XP
 C = Vault XP percentage of total XP
 D = Non-vault monster count
 E = Vault monster count
 F = Vault count percentage of total count
                 A         B        C        D         E       F
            +---------+---------+-------+---------+---------+-------
      Total |   12632 |    8789 |  41.0 |     242 |      67 |  21.7
            +---------+---------+-------+---------+---------+-------
        D:1 |      27 |       6 |  18.2 |      15 |       4 |  21.1
        D:2 |      68 |      12 |  15.0 |      19 |       6 |  24.0
        D:3 |      62 |       8 |  11.4 |      26 |       6 |  18.8
        D:4 |     438 |     418 |  48.8 |      20 |       3 |  13.0
        D:5 |     595 |     691 |  53.7 |      19 |       3 |  13.6
        D:6 |     486 |     621 |  56.1 |      26 |       6 |  18.8
        D:7 |     455 |     705 |  60.8 |      16 |       2 |  11.1
        D:8 |    1262 |    1851 |  59.5 |      16 |      15 |  48.4
        D:9 |    2527 |     401 |  13.7 |      35 |      17 |  32.7
       D:10 |    2463 |    1187 |  32.5 |      29 |       3 |   9.4
       D:11 |    4249 |    2889 |  40.5 |      21 |       2 |   8.7
            +---------+---------+-------+---------+---------+-------
